 Dungeon Crawl Stone Soup version 0.19.4 (webtiles) character file.

156 Jynx the Poker (level 5, -1/41 HPs)
             Began as a Merfolk Gladiator on Jan 31, 2017.
             Was an Initiate of Okawaru.
             Killed by Freeze
             ... invoked by Jynx's ghost
              (7 damage)
             ... on level 3 of the Dungeon.
             The game lasted 00:04:43 (2730 turns).

Jynx the Poker (Merfolk Gladiator)                  Turns: 2730, Time: 00:04:44

Health: -1/41      AC:  6    Str: 16    XL:     5   Next: 38%
Magic:  5/5        EV: 13    Int:  8    God:    Okawaru [......]
Gold:   121        SH:  0    Dex: 14    Spells: 0 memorised, 4 levels left

rFire  . . .     SeeInvis .     a - +0 trident
rCold  . . .     Gourm    .     q - +0 ring mail
rNeg   . . .     Faith    .     (no shield)
rPois  .         Spirit   .     c - +0 helmet
rElec  .         Reflect  .     (no cloak)
rCorr  .         Harm     .     (no gloves)
MR     .....                    (no boots)
Stlth  +.........               (no amulet)
                                (no ring)
                                (no ring)

@: no status effects
A: change form in water, swift swim, stealthy swim
a: Renounce Religion


You were on level 3 of the Dungeon.
You worshipped Okawaru.
Okawaru was noncommittal.
You were not hungry.

You visited 1 branch of the dungeon, and saw 3 of its levels.

You collected 121 gold pieces.

Inventory:

Hand Weapons
 a - a +0 trident (weapon)
Missiles
 d - 2 throwing nets (quivered)
Armour
 c - a +0 helmet (worn)
 q - a +0 ring mail (worn)
Jewellery
 e - a cursed ring of loudness {unknown}
Scrolls
 l - a scroll of fear {unknown}
 m - 3 scrolls of teleportation
 n - 3 scrolls of random uselessness {unknown}
Potions
 b - a potion of curing {unknown}
 g - a potion of brilliance {unknown}
 h - 2 potions of degeneration {unknown}
 o - a potion of agility {unknown}
 p - a potion of invisibility {unknown}
 r - a potion of lignification {unknown}
Comestibles
 f - 3 bread rations
 i - a slice of pizza
 j - a meat ration
 k - 2 beef jerkies
 s - 2 chunks of flesh


   Skills:
 + Level 3.2 Fighting
 * Level 6.2 Polearms
 + Level 3.2 Throwing
 + Level 4.9 Dodging


You had 4 spell levels left.
You didn't know any spells.

Dungeon Overview and Level Annotations

Branches:
Dungeon (3/15)

Altars:
Ashenzari
Gozag
Okawaru

Shops:
D:2 *

Annotations:
D:3 Jynx's ghost, amateur MfIE


Message History

Jynx's ghost hits you. Jynx's ghost burns you.
You hit Jynx's ghost.
Jynx's ghost is heavily damaged.
Jynx's ghost hits you but does no damage.
You closely miss Jynx's ghost.
Jynx's ghost is heavily damaged.
Jynx's ghost barely misses you.
You puncture Jynx's ghost!
Jynx's ghost is severely damaged.
Jynx's ghost closely misses you.
You miss Jynx's ghost.
Jynx's ghost is severely damaged.
Jynx's ghost casts a spell at you.
You are frozen.
* * * LOW HITPOINT WARNING * * *
You closely miss Jynx's ghost.
Jynx's ghost is severely damaged.
Jynx's ghost points at you and mumbles some strange words.
You are frozen.
You die...

#.# ##### #.# #.... #.#
... ##.######## ##...
....†...... ..#.#
##.############.#.#
........(.....#.#.#
##.##########.#.#.##.###
................@W......?
####.##########.#.##.####
#..............††....#
#...........#..........
#...........#..........#
#...........#..........#
#.##'######.#.#.........
#.##.# #.##########
#.##'######...


You could see Jynx's ghost.

Vanquished Creatures
  4 gnolls
  4 adders
  2 oozes
  3 worms (D:2)
  3 dart slugs (D:1)
  4 leopard geckos
  An orc (D:3)
  2 giant cockroaches
  7 goblins
  6 hobgoblins
  2 jackals (D:3)
  7 kobolds
  2 quokkas
  3 bats (D:1)
  3 frilled lizards (D:2)
  3 rats
56 creatures vanquished.

Vanquished Creatures (others)
  A dart slug (D:1)
1 creature vanquished.

Grand Total: 57 creatures vanquished

Notes
Turn   | Place    | Note
-------+----------+-------------------------------------------
     0 | D:1      | Jynx the Merfolk Gladiator began the quest for the Orb.
     0 | D:1      | Reached XP level 1. HP: 16/16 MP: 1/1
    36 | D:1      | Found a shattered altar of Ashenzari.
   125 | D:1      | Reached XP level 2. HP: 20/23 MP: 2/2
   375 | D:1      | Reached XP level 3. HP: 5/28 MP: 3/3
   668 | D:1      | Reached skill level 5 in Polearms
  1101 | D:2      | Reached XP level 4. HP: 24/34 MP: 4/4
  1185 | D:2      | Found Gozag's Platinum Reserve.
  1190 | D:2      | Found an opulent altar of Gozag.
  1687 | D:2      | Reached XP level 5. HP: 41/41 MP: 5/5
  1768 | D:2      | Found an iron altar of Okawaru.
  1787 | D:2      | Became a worshipper of Warmaster Okawaru
  2042 | D:3      | Reached skill level 6 in Polearms
  2709 | D:3      | Noticed Jynx's ghost (amateur MfIE)
  2730 | D:3      | Killed from afar by Jynx's ghost

Skill      XL: |  1  2  3  4  5 |
---------------+----------------+-----
Polearms       | 5 6 |  6.2
Fighting       | 3 |  3.2
Throwing       | 3 |  3.2
Dodging        | |  4.9

Action                   |  1- 3 |  4- 6 || total
-------------------------+-------+-------++-------
Melee: Trident           |    87 |   137 ||   224
Throw: Throwing net      |     1 |     2 ||     3
  Use: Scroll            |     2 |       ||     2
 Stab: Held in net/web   |       |     1 ||     1
       Sleeping          |       |     4 ||     4
  Eat: Chunk             |       |     6 ||     6
Armor: Leather armour    |     8 |    10 ||    18
       Ring mail         |       |     8 ||     8
Dodge: Dodged            |    41 |    64 ||   105
